[Event "Late-Titled-Tuesday-Blitz-April-16-2024"]
[Site "Chess.com"]
[Date "2024.04.16"]
[Round "7"]
[White "Zavgorodniy_Sergiy"]
[Black "watermelonattackk"]
[Result "1-0"]
[WhiteElo "2614"]
[BlackElo "2482"]
[TimeControl "180+1"]
[EndTime "15:16:01 PDT"]
[Termination "Zavgorodniy_Sergiy won on time"]

1. d4 Nf6 2. c4 e6 3. Nf3 b6 4.
g3 Bb7 5. Bg2 Bb4+ 6. Nbd2 O-O 7. O-O d5 8. b3 dxc4 9. Nxc4 Na6 10. Bb2 Be4 11. Rc1 Be7 12. Nce5 c5 13. e3 Rc8 14. Qe2 Nb4 15. a3 Nbd5 16. dxc5 bxc5 17. Rfd1 Qb6 18. Qc4 h6 19. Ba1 a6 20. Nd2 Bxg2 21. Kxg2 Qb5 22. Rb1 Rfd8 23. Ndf3 Qb7 24. Kg1 Qb5 25. h3 Qb7 26. Rd2 Nb6 27. Qc2 Rxd2 28. Nxd2 Rd8 29. Ndc4 Nxc4 30. Qxc4 Nd7 31. Rd1 Nxe5 32.
Rxd8+ Bxd8 33. Bxe5 Qd5 34. Qc3 Qd1+ 35. Kg2 Qd5+ 36. Kh2 Qf3 37. Qd2 Ba5 38. Qc2 Be1 39.
Kg1 Qd5 40. Bc3 Bxc3 41. Qxc3 Qd1+ 42. Kg2 Qd5+ 43. Kh2 Qf3 44. Qd2 h5 45. h4 Qd5 46.
Qc2 g6 47. Kg1 Qf3 48. Qxc5 Qd1+ 49. Kg2 Qxb3 50. Qc8+ Kg7 51. Qxa6 Qd5+ 52. Kh2 Qa2 53.
Kg1 Qb1+ 54. Qf1 Qa2 55. Qd3 e5 56. Kg2 f5 57. Qd7+ Kh6 58. a4 e4 59. Qd8 Kh7 60. a5 Qe2 61. Qd7+ Kh6 62. Qd6 Qf3+ 63. Kg1 Qe2 64.
a6 Qa2 65. Qd8 Kh7 66. Qd7+ Kh6 67. a7 f4 68. Qd8 1-0

[Event "Late-Titled-Tuesday-Blitz-April-16-2024"]
[Site "Chess.com"]
[Date "2024.04.16"]
[Round "7"]
[White "Msb2"]
[Black "kleinebeer98"]
[Result "0-1"]
[WhiteElo "3009"]
[BlackElo "2897"]
[TimeControl "180+1"]
[EndTime "15:16:02 PDT"]
[Termination "kleinebeer98 won by checkmate"]

1. d4 d5 2. c4 Nc6 3. Nc3 Nf6 4. Nf3 e6 5. Bg5 Bb4 6. e3 O-O 7. Be2 h6 8. Bxf6 Qxf6 9. O-O dxc4 10. Bxc4 a6 11.
Rc1 Bd7 12. Ne4 Qe7 13. a3 Bd6 14. b4 Rad8 15. Qb3 Kh8 16. h3 e5 17. d5 Na7 18. Be2 Bf5 19. Nfd2 Nc8 20. Rc3 Nb6 21. Nc5 Bxc5 22. Rxc5 c6 23. e4 Bg6 24. Rfc1 Nd7 25.
R5c3 Nf6 26. Bf3 cxd5 27. Rc7 Qd6 28. exd5 e4 29. Bg4 Nxd5 30. Rxb7 Nf4 31. Nf1 Qf6 32. Qg3 h5 33. Kh1 hxg4 34. Qxg4 Nd3 35. Rc2 Nxf2+ 36.
Rxf2 Qxf2 37. Ng3 Rd1+ 38. Qxd1 Qxg3 39. Re7 e3 40. Qe2 Qf2 41. Rxe3 Qxe2 42. Rxe2 Rc8 43. Kh2 Rc3 44. a4 Ra3 45. b5 axb5 46. axb5 Rb3 47.
Re8+ Kh7 48. Rb8 Bd3 49. b6 Be4 50. Re8 f5 51. Re6 Rb2 52. Kg3 Rxg2+ 53. Kf4 Rb2 54. h4 Kg8 55. Rd6 Kf7 56. Rd7+ Kf6 57. Rd6+ Ke7 58.
Rg6 Kf7 59. Rd6 Rb5 60. Rd7+ Kg6 61. Rd6+ Kh5 62. Kg3 g5 63. hxg5 Kxg5 64. Rd8 f4+ 65. Kf2 Rb2+ 66. Ke1 Rxb6 67. Re8 Kf5 68. Kf2 Rb2+ 69.
Ke1 Ra2 70. Rf8+ Ke5 71. Re8+ Kd4 72. Ra8 Rxa8 73. Kf2 Ra2+ 74. Kg1 Ke3 75. Kf1 Ra1# 0-1

[Event "Late-Titled-Tuesday-Blitz-April-16-2024"]
[Site "Chess.com"]
[Date "2024.04.16"]
[Round "7"]
[White "SRob2003"]
[Black "Rawnsdale"]
[Result "1-0"]
[WhiteElo "2663"]
[BlackElo "2490"]
[TimeControl "180+1"]
[EndTime "15:16:10 PDT"]
[Termination "SRob2003 won by checkmate"]

1. c4 e5 2. g3 Nc6 3. Bg2 Nf6 4. Nc3 Bb4 5. d3 O-O 6. e4 Ne7 7. Ne2 c6 8. a3 Bxc3+ 9. bxc3 d5 10. cxd5 cxd5 11. exd5 Nexd5 12. O-O Bf5 13. Ra2 Rc8 14. c4 Nb6 15. Rd2 Qc7 16. Nc3 Rfd8 17. Bb2 Qd7 18. Nd5 Nfxd5 19. cxd5 f6 20. Qb3 Kh8 21. d4 e4 22. Re2 Re8 23. Rfe1 Qxd5 24. Qxd5 Nxd5 25. Bxe4 Bxe4 26. Rxe4 Rxe4 27. Rxe4 Kg8 28. Re2 Kf7 29. Kg2 Rc4 30. h4 b5 31. Kf3 a5 32. g4 b4 33.
axb4 axb4 34. Ke4 Nb6 35. Kd3 Rc6 36. h5 Nd5 37. Rd2 Ke6 38. Re2+ Kd7 39. Re1 b3 40.
Ra1 Rc2 41. Ra7+ Ke6 42. Ba3 Rxf2 43. Rxg7 b2 44. Bxb2 Rxb2 45. Rxh7 Rb3+ 46. Ke2 Rg3 47. Rg7 Rh3 48. Kf2 Nf4 49. Rg8 Kd5 50. Rd8+ Ke4 51. Re8+ Kxd4 52. Re7 Nd5 53. Re8 Rh4 54. Kg3 Rh1 55. Re6 Rg1+ 56. Kf3 Rf1+ 57. Kg3 Nf4 58.
Re8 Ne2+ 59. Rxe2 Rh1 60. Re6 f5 61. Re8 fxg4 62. Kxg4 Kd5 63. Kg5 Rg1+ 64. Kf6 Rh1 65. Kg6 Rg1+ 66. Kh7 Rg5 67. h6 Kd6 68. Rg8 Rh5 69.
Rg6+ Ke7 70. Kg7 Rf5 71. h7 Rf7+ 72. Kh6 Rf8 73. Rg8 Rf6+ 74. Kg5 Rf1 75. h8=Q Rg1+ 76. Kf4 Rf1+ 77. Ke3 Re1+ 78. Kf2 Re6 79. Qg7+ Kd6 80.
Rd8+ Kc5 81. Qc3+ Kb6 82. Rb8+ Ka7 83. Qc7+ Ka6 84. Qb7+ Ka5 85. Qb5# 1-0

[Event "Late-Titled-Tuesday-Blitz-April-16-2024"]
[Site "Chess.com"]
[Date "2024.04.16"]
[Round "7"]
[White "Agustin_Meza"]
[Black "carlsenCamacho"]
[Result "0-1"]
[WhiteElo "2198"]
[BlackElo "2294"]
[TimeControl "180+1"]
[EndTime "15:16:17 PDT"]
[Termination "carlsenCamacho won on time"]

1. e4 c6 2. d4 d5 3. c4 g6 4. exd5 cxd5 5. cxd5 Nf6 6. Nc3 Bg7 7. Nf3 O-O 8. Be2 Nxd5 9. O-O b6 10. Qb3 Bb7 11. Bg5 h6 12. Bh4 Nf4 13. Qc2 Nc6 14. Rad1 Nb4 15. Qd2 Nxe2+ 16. Qxe2 Ba6 17. Qxe7 Bxf1 18.
Qxd8 Rfxd8 19. Bxd8 Rxd8 20. Kxf1 Nd5 21. Nxd5 Rxd5 22.
Ke2 f5 23. Rc1 Rb5 24. b3 Ra5 25. a4 Bf8 26. Rc8 b5 27. Ne5 bxa4 28. bxa4 Kg7 29.
Rc7+ Kg8 30. Rc4 Kg7 31. Kd3 Bd6 32. Nc6 Ra6 33. d5 Kf6 34. g3 g5 35. f4 gxf4 36. gxf4 h5 37. a5 h4 38. Ke3 Kf7 39. Kf3 Ke8 40.
Kg2 Kd7 41. Kh3 Bc7 42. Kxh4 Bxa5 43. Kg5 Kd6 44. Kxf5 Kxd5 45. Nxa5 Rxa5 46. Re4 Kd6+ 47. Kf6 Rh5 48. Re2 Kd7 49. Kg6 Rh4 50. f5 a5 51.
f6 a4 52. f7 Rf4 53. Kg7 Rg4+ 54. Kf6 Rf4+ 55. Kg6 a3 56. Ra2 Ke7 57. Rxa3 Rf6+ 58. Kg5 Rxf7 59. Ra7+ Kf8 60. Ra8+ Kg7 61. h4 Rb7 62.
Ra5 Kh7 63. h5 Kg7 64. Re5 Kh7 65. h6 Ra7 66. Rf5 Rb7 67. Ra5 Rc7 68. Kh5 Rc1 69.
Ra7+ Kh8 70. Ra8+ Kh7 71. Ra7+ Kh8 0-1

[Event "Late-Titled-Tuesday-Blitz-April-16-2024"]
[Site "Chess.com"]
[Date "2024.04.16"]
[Round "7"]
[White "Respectful_Dave"]
[Black "PotapovaM"]
[Result "0-1"]
[WhiteElo "2380"]
[BlackElo "2540"]
[TimeControl "180+1"]
[EndTime "15:16:19 PDT"]
[Termination "PotapovaM won by checkmate"]

1. d4 Nf6 2. c4 e6 3. Nc3 d5 4. Bg5 c6 5. e3 Nbd7 6. Nf3 Qa5 7. Rc1 Bb4 8. Nd2 O-O 9. Bd3 e5 10. Bxf6 Nxf6 11. dxe5 Nd7 12. a3 Bxc3 13. Rxc3 Re8 14. f4 Qb6 15. O-O Qxe3+ 16. Kh1 Qb6 17. Bxh7+ Kxh7 18. Rh3+ Kg8 19. Qh5 Kf8 20. Qg5 Kg8 21.
Rg3 g6 22. Nf3 Nf8 23. Qh6 Qxb2 24. Nh4 Qe2 25. Rg1 Qc2 26. f5 Bxf5 27. Rf1 Bd3 28. Rh3 Qe2 29. Rg1 Qh5 30. Qf4 Be4 31. Nf3 Qf5 32.
Qh6 Nh7 33. Qxh7+ Kf8 34. Rf1 Qg4 35. Nd2 Bf5 36. Qh6+ Ke7 37. Rg3 Qd4 38. Qg5+ Kd7 39.
Nf3 Qxc4 40. Rg1 Re6 41. Qh6 Rae8 42. Qg7 R6e7 43. Ng5 Qf4 44. Qf6 Qxe5 45. Qxe5 Rxe5 46. Nxf7 R5e7 47. Nh6 d4 48. h3 c5 49. Rg5 Re5 50.
Kh2 d3 51. Nf7 Rd5 52. Rd1 c4 53. g4 Re2+ 54. Kg3 Be6 55. Rxd5+ Bxd5 56. Ng5 Kd6 57. Kf4 Kc5 58. h4 Kd4 59. h5 gxh5 60. gxh5 Rh2 61.
Kg3 Rxh5 62. Kg4 Rh8 63. Kf4 Rf8+ 64. Kg4 Rg8 65. Re1 c3 66. Kf4 Rf8+ 67. Kg4 d2 68. Re7 d1=Q+ 69. Kh4 Qh1+ 70. Nh3 Rh8+ 71. Rh7 Rxh7+ 72. Kg5 Qxh3 73. a4 Qh4+ 74. Kg6 Rh6+ 75. Kg7 Qg5+ 76. Kf8 Rf6+ 77. Ke7 Qe5+ 78. Kd8 Rd6+ 79.
Kc7 Qe7+ 80. Kb8 Rd8+ 81. Kxa7 Qc5# 0-1

[Event "Late-Titled-Tuesday-Blitz-April-16-2024"]
[Site "Chess.com"]
[Date "2024.04.16"]
[Round "7"]
[White "Mikhail_Golubev"]
[Black "ferdipy"]
[Result "1-0"]
[WhiteElo "2580"]
[BlackElo "2326"]
[TimeControl "180+1"]
[EndTime "15:16:23 PDT"]
[Termination "Mikhail_Golubev won by resignation"]

1. e4 e6 2. d4 d5 3. e5 c5 4.
c3 Nc6 5. Nf3 Qb6 6. Bd3 cxd4 7.
O-O Bd7 8. Nbd2 dxc3 9. bxc3 Nge7 10. Re1 Ng6 11. Nb3 Be7 12. Rb1 Qc7 13. Qe2 O-O 14. Nbd4 a6 15. h4 Bc5 16. h5 Nge7 17. h6 g6 18. Bg5 Nf5 19. Bxf5 exf5 20. Bf6 Rfe8 21. Qd2 Rac8 22. Rbd1 Be6 23. Qg5 Nxd4 24. Nxd4 Bf8 25. Re3 Qa5 26. Bg7 Bxg7 27. hxg7 Rxc3 28.
Rxc3 Qxc3 29. Qh6 Qc4 30. Nf3 Qg4 31. Rd4 Qh5 32. Qe3 f4 33. Rxf4 Bg4 34. Nd4 Rxe5 35.
Qd2 Kxg7 36. Qc3 f6 37. f3 Bd7 38. Nc2 Qg5 39. Rd4 Qc1+ 40. Kf2 Re7 41. Rd2 Qb1 42. Qd4 Qb5 43. Ne3 Qc6 44. Ng4 Rf7 45. Ne3 Be6 46. g4 h6 47. f4 g5 48. f5 Bc8 49. Nxd5 Rd7 50. Qe3 Rxd5 51. Qe7+ Kg8 52. Rxd5 Qxd5 53.
Qe8+ Kg7 54. Qg6+ Kf8 55. Qxf6+ Qf7 56. Qd8+ Qe8 57. Qf6+ Qf7 58. Qd8+ Qe8 59. Qf6+ Kg8 60. Qxh6 Qe7 61. f6 Qf7 62. Qxg5+ Kf8 63. Qc5+ Kg8 64. Qxc8+ Kh7 65. Qf5+ Kg8 66. g5 Qxa2+ 67. Kf3 Qb3+ 68. Kf4 Qc4+ 69. Qe4 Qf1+ 70. Ke5 Qa1+ 71. Kd6 Qa3+ 72. Kd7 Qa4+ 73. Qxa4 b5 74. Kd8 bxa4 75.
Ke7 Kh7 76. f7 Kg6 77. f8=Q Kxg5 78. Qf6+ Kg4 79. Qa1 Kh3 80. Qxa4 1-0

[Event "Late-Titled-Tuesday-Blitz-April-16-2024"]
[Site "Chess.com"]
[Date "2024.04.16"]
[Round "7"]
[White "Kimkibo"]
[Black "Lupul_Cenusiu"]
[Result "1/2-1/2"]
[WhiteElo "2383"]
[BlackElo "2678"]
[TimeControl "180+1"]
[EndTime "15:16:26 PDT"]
[Termination "Game drawn by repetition"]

1. d4 Nf6 2. Nf3 c5 3. d5 e6 4.
c4 exd5 5. cxd5 d6 6. Nc3 g6 7. Nd2 Bg7 8. Nc4 O-O 9. Bf4 Nbd7 10. Bxd6 Re8 11. Bg3 Nh5 12. e3 Nxg3 13. hxg3 b5 14. Nxb5 Rb8 15. Nbd6 Re7 16. Be2 Nb6 17. O-O Ba6 18.
Rc1 Nxc4 19. Nxc4 Bxc4 20. Bxc4 Rxb2 21. Rb1 Reb7 22. Rxb2 Rxb2 23. d6 Bf8 24. Qd5 Qd7 25. Rd1 Rb6 26. Qxc5 Rxd6 27. Rxd6 Bxd6 28. Qd5 Qc7 29.
e4 Kg7 30. Kh2 h5 31. f4 h4 32. e5 hxg3+ 33. Kxg3 Bb4 34. Kf3 a5 35. g4 Bc3 36. Ke4 Qa7 37. e6 fxe6 38. Qxe6 Qd4+ 39. Kf3 Qd1+ 40. Be2 Qh1+ 41. Ke3 Qc1+ 42. Kd3 Bf6 43.
g5 Qc3+ 44. Ke4 Qb4+ 45. Kf3 Bb2 46. Qd7+ Kh8 47. Bd3 Qc3 48. Qe8+ Kg7 49. Qxg6+ Kf8 50. Qf5+ Ke7 51. g6 a4 52. Qe4+ Kf6 53. Kg4 a3 54. f5 Qd4 55. Qxd4+ Bxd4 56. Kh5 Be3 57. Kg4 Bd2 58.
Kf3 Bc3 59. Ke4 Bb2 60. Kd5 Bc1 61. Kc4 Bb2 62. Kc5 Bc1 63. Kd6 Bb2 64. Kd7 Bc1 65.
Ke8 Bh6 66. Be4 Bg7 67. Bc2 Bh6 68. Bb1 Bg7 69. Kd7 Bh6 70. Kd6 Bg7 71. Kc5 Bh6 72. Kb4 Bf8+ 73. Ka4 Bc5 74. Kb5 Bf8 75. Ka4 Be7 76.
Kb5 Bf8 77. Ka4 1/2-1/2

[Event "Late-Titled-Tuesday-Blitz-April-16-2024"]
[Site "Chess.com"]
[Date "2024.04.16"]
[Round "7"]
[White "Jagerrmeisterr"]
[Black "Misterfox120"]
[Result "1-0"]
[WhiteElo "2703"]
[BlackElo "2389"]
[TimeControl "180+1"]
[EndTime "15:16:40 PDT"]
[Termination "Jagerrmeisterr won by resignation"]

1. f4 Nh6 2. Nh3 d5 3. Nf2 c5 4.
e3 Nc6 5. Bb5 g6 6. c4 d4 7.
Bxc6+ bxc6 8. e4 Qc7 9. d3 f6 10. O-O Bg7 11. f5 Nf7 12. Qf3 Ne5 13. Qg3 Rg8 14.
fxg6 hxg6 15. Nd2 Bh6 16. Nb3 Bxc1 17. Raxc1 Qd6 18. Qh4 a5 19. Qh7 Be6 20. Nd2 Kd7 21.
Qh4 a4 22. Qg3 g5 23. Nf3 Nxf3+ 24. gxf3 Qxg3+ 25. hxg3 Rgb8 26. Rc2 a3 27. b3 Rh8 28.
Kg2 Rh7 29. Rh1 Rxh1 30. Nxh1 Bf7 31. Nf2 e5 32. Rc1 Rh8 33. Rb1 Ke7 34. Ng4 Be6 35.
Nh2 Bh3+ 36. Kg1 Be6 37. Nf1 Kd6 38. b4 Rb8 39. bxc5+ Kc7 40. Rxb8 Kxb8 41. Nd2 Kb7 42. Nb1 Ka6 43. Nxa3 Ka5 44. Nc2 Ka4 45. Kf2 Bd7 46.
Ke2 Be6 47. Kd2 Bd7 48. f4 gxf4 49. gxf4 Bg4 50. fxe5 fxe5 51. a3 Kb3 52. Nb4 Bd7 53. Nc2 Bg4 54. Kc1 Bd7 55. Ne1 Kxa3 56. Nf3 Kb4 57.
Nxe5 Be8 58. Kd2 Kxc5 59. Ng4 Kd6 60. Nf2 Bh5 61. Nh3 Ke5 62. Ng5 c5 63. Nh3 Bg4 64. Nf2 Bh5 65. Nd1 Bf3 66. Nb2 Bh5 67. Na4 Kd6 68. Ke1 Bg4 69. Kf2 Bd1 70. Nb6 Bb3 71.
Nd5 Bc2 72. Ke2 Ke5 73. Nb6 Kd6 74. Nd5 Bb3 75. Nf6 Ke5 76. Ng4+ Kd6 77. Nf2 Bc2 78. Kf3 Bb1 79. Kf4 Ke6 80. e5 Bc2 81. Ke4 Ba4 82.
Nh3 Bc6+ 83. Kf4 Bg2 84. Ng5+ Ke7 85. Ne4 Bf1 86. Nxc5 Ke8 87. Ke4 Ke7 88. Kxd4 1-0

[Event "Late-Titled-Tuesday-Blitz-April-16-2024"]
[Site "Chess.com"]
[Date "2024.04.16"]
[Round "7"]
[White "platy3"]
[Black "Vahe_Danielyan"]
[Result "1/2-1/2"]
[WhiteElo "2877"]
[BlackElo "2651"]
[TimeControl "180+1"]
[EndTime "15:16:47 PDT"]
[Termination "Game drawn - insufficient material"]

1. e4 d5 2. exd5 Qxd5 3. Nc3 Qe5+ 4. Be2 Bg4 5. d4 Bxe2 6. Ngxe2 Qa5 7. O-O Nf6 8. Rb1 e6 9. a3 Nc6 10. b4 Qf5 11. Ng3 Qg6 12. b5 Na5 13. Qe2 O-O-O 14. Rd1 h5 15. Nge4 h4 16. h3 Kb8 17. Bf4 Nd5 18.
Bh2 Nb6 19. a4 Be7 20. Nc5 Rh5 21. N3e4 Nd5 22. c4 Nf6 23. b6 axb6 24. Rxb6 Nxe4 25. Nxe4 Kc8 26. Rb5 Nc6 27. Rxh5 Nxd4 28. Qg4 Qxg4 29. hxg4 Ne2+ 30. Kf1 Ng3+ 31. Ke1 Rxd1+ 32. Kxd1 Nxe4 33.
Ke2 Kd7 34. Rh7 Bf6 35. Rh8 Nc3+ 36. Kd3 Nxa4 37. Rb8 b6 38. Ke3 Nc5 39. Rf8 Ke7 40. Rc8 Na6 41. Ra8 Nb4 42. Bxc7 b5 43. Ba5 Nc2+ 44. Kd2 Nd4 45. c5 Kd7 46. Bc3 Kc6 47. Bxd4 Bxd4 48. Ra7 Kxc5 49. Rxf7 b4 50. Kd3 e5 51. f3 b3 52. Rb7 b2 53. Rb8 Kd5 54. Kc2 Ke6 55. Re8+ Kf6 56. Rh8 g5 57. Rh6+ Kg7 58. Rd6 Kf7 59. Rc6 Kg7 60. Rc7+ Kg6 61. Rb7 Kf6 62. Kd3 Ke6 63. Kc2 Kf6 64. Kb1 e4 65.
fxe4 Ke5 66. Rf7 Kxe4 67. Rf5 Be3 68. Kxb2 Bf4 69. Rc5 Ke3 70. Rc2 Be5+ 71. Kc1 Kf4 72. Kd1 Kxg4 73. Ke2 Bf4 74. Rc3 Bg3 75. Kf1 Bf4 76. Kf2 Bg3+ 77. Kg1 Bf4 78. Kh1 Bg3 79. Kg1 Bf4 80. Kf2 Bg3+ 81. Ke3 Bf4+ 82. Ke4 Bg3 83. Rc4 Bf4 84. Rc3 Bg3 85. Rf3 Bf4 86. Rb3 Bg3 87. Ke3 Bf4+ 88. Ke2 Bg3 89. Rb4+ Bf4 90.
Ra4 Kg3 91. Kf1 Kg4 92. Kf2 Kf5 93. Kf3 g4+ 94. Ke2 h3 95. gxh3 gxh3 96. Kf3 h2 97. Rxf4+ Kg5 98. Rg4+ Kh5 99. Kg2 h1=Q+ 100. Kxh1 Kxg4 1/2-1/2

[Event "Late-Titled-Tuesday-Blitz-April-16-2024"]
[Site "Chess.com"]
[Date "2024.04.16"]
[Round "7"]
[White "ekurtz"]
[Black "BardArtem"]
[Result "1/2-1/2"]
[WhiteElo "2615"]
[BlackElo "2825"]
[TimeControl "180+1"]
[EndTime "15:16:47 PDT"]
[Termination "Game drawn - insufficient material"]

1. Nf3 d5 2. c4 c6 3. g3 Nf6 4.
Bg2 Bf5 5. Qb3 Qb6 6. d3 e6 7. Be3 Qxb3 8. axb3 a6 9. Bd4 h6 10. Bc3 Nbd7 11. Nbd2 Be7 12. O-O O-O 13. b4 Rfc8 14.
Nb3 Bd8 15. Rfc1 Bb6 16. Bd4 dxc4 17. dxc4 Be4 18. Bxb6 Nxb6 19. Na5 Rc7 20. Rd1 Nfd7 21. Rd4 Bxf3 22. Bxf3 Kf8 23. Rad1 Ke7 24. e4 e5 25. R4d2 Nf8 26. Bg4 Nbd7 27. c5 Nf6 28. Bf3 Re8 29. Nc4 N6d7 30. Bg4 Ne6 31. Nd6 Rd8 32. Nf5+ Kf8 33.
Rd6 g6 34. Ne3 Nd4 35. Nc4 Ke7 36. f4 f6 37. fxe5 fxe5 38. Kg2 h5 39. Bxd7 Rcxd7 40. Rxg6 Ne6 41. Nd6 Nf8 42. Rh6 Rc7 43. Rh7+ Nxh7 44. Nf5+ Ke8 45. Nd6+ Rxd6 46. cxd6 Rd7 47. h3 Nf6 48.
Kf3 Kf7 49. g4 hxg4+ 50. hxg4 Ke6 51. g5 Ne8 52. Rh1 Nxd6 53. Rh6+ Ke7 54. Rh7+ Ke8 55.
Rh6 Nf7 56. Rg6 Kf8 57. Rf6 Kg7 58. Kg4 Rd1 59. Rf3 Rg1+ 60. Kf5 Rxg5+ 61. Ke6 Rg4 62.
Rxf7+ Kg6 63. Rf6+ Kg7 64. Rf7+ Kg6 65. Rxb7 Rxe4 66.
Rb6 Re2 67. Rxc6 e4 68. Kd5+ Kf5 69. Kd4 Rd2+ 70. Ke3 Rxb2 71. Rc5+ Ke6 72. Kxe4 Rxb4+ 73. Kd3 Ra4 74. Kc3 Kd6 75. Rc4 Ra1 76. Rb4 Kc5 77.
Rb8 Rc1+ 78. Kb2 Rh1 79. Ka2 Kc6 80. Rb1 Rh5 81. Rb2 Ra5+ 82. Kb3 Rd5 83. Ka2 Kc5 84.
Ka3 Rd4 85. Rb1 Kc6 86. Rb2 Re4 87. Rb1 Re2 88. Rb3 Re5 89. Rh3 Ra5+ 90. Kb4 Rb5+ 91. Ka4 Kb6 92. Rh6+ Ka7 93. Rh7+ Kb6 94. Rh6+ Kb7 95.
Rh7+ Kc8 96. Rh6 Rb1 97. Rxa6 Kb7 98. Rh6 Rb6 99. Rxb6+ Kxb6 1/2-1/2

[Event "Late-Titled-Tuesday-Blitz-April-16-2024"]
[Site "Chess.com"]
[Date "2024.04.16"]
[Round "7"]
[White "TangerineandLemon25"]
[Black "GiorgianBarbosa"]
[Result "1-0"]
[WhiteElo "2609"]
[BlackElo "2457"]
[TimeControl "180+1"]
[EndTime "15:17:02 PDT"]
[Termination "TangerineandLemon25 won by checkmate"]

1. e4 c5 2. Nf3 d6 3. d4 cxd4 4. Nxd4 Nf6 5. Nc3 a6 6. Rg1 e5 7. Nb3 Be6 8. g4 d5 9. exd5 Nxd5 10. Nxd5 Qxd5 11. Qxd5 Bxd5 12. Be3 Nc6 13. O-O-O O-O-O 14. Bg2 Bxg2 15. Rxg2 Rxd1+ 16. Kxd1 Be7 17. c3 f6 18. Ke2 h5 19. h3 hxg4 20. hxg4 Kd7 21. Rg1 Ke6 22. Nd2 Rh3 23. Ne4 b5 24. Rd1 Rh4 25. Kf3 Rh3+ 26. Kg2 Rh8 27. Nc5+ Bxc5 28. Bxc5 Rd8 29.
Rxd8 Nxd8 30. Kf3 g6 31. Ke2 f5 32. gxf5+ gxf5 33. f4 e4 34. b3 Kd5 35. Ba7 Ne6 36. Bb8 Nc5 37. Ke3 a5 38. Kd2 a4 39. b4 Nd7 40.
Bc7 Kc6 41. Bd8 Kd5 42. Kc2 Kc4 43. Kd2 Nf8 44. Bc7 Ng6 45. Bd6 Nh4 46. Bc5 Nf3+ 47.
Kc2 Ne1+ 48. Kd2 Nd3 49. Bd6 Nf2 50. Bc5 Ng4 51. Bd4 Nh6 52. Bg7 Nf7 53. Bd4 Nd8 54. Bf6 Nc6 55. Ke2 Kd5 56. Kd2 Ke6 57. Bh4 Na7 58. Ke3 Kd5 59. Kd2 Nc8 60. Bf6 Nb6 61. Bd4 Nc4+ 62. Ke2 Ke6 63. Bc5 Kf7 64. Bd4 Kg6 65.
Kf2 Kh5 66. Kg3 Nd2 67. Kf2 Kg4 68. Be5 Nc4 69. Bc7 Nb2 70. Ke3 Nd3 71. Bd6 Nb2 72.
Bc7 Nc4+ 73. Kf2 e3+ 74. Ke2 Kg3 75. Bb8 Kg4 76. Bc7 Kg3 77. Bb8 Kg4 78. Be5 Kg3 79.
Bc7 Kg4 80. Be5 Nxe5 81. fxe5 f4 82. e6 Kg3 83. e7 f3+ 84. Kxe3 f2 85. e8=Q f1=Q 86.
Qg6+ Kh2 87. Qh6+ Kg3 88. Qg5+ Kh2 89. Qh4+ Kg1 90. Qg3+ Kh1 91. Qf3+ Qxf3+ 92. Kxf3 Kg1 93. Ke3 Kf1 94. Kd3 Ke1 95. c4 Kd1 96. cxb5 Kc1 97. b6 Kb2 98. b7 Kxa2 99. b8=Q a3 100. Qa7 Kb2 101. Qxa3+ Kxa3 102. b5 Kb4 103. b6 Kc5 104. b7 Kb6 105. b8=Q+ Ka6 106. Qe5 Kb7 107. Kc4 Kc6 108. Qe6+ Kc7 109. Kc5 Kd8 110. Qf7 Kc8 111. Kc6 Kb8 112. Qd7 Ka8 113. Qb7# 1-0

[Event "Late-Titled-Tuesday-Blitz-April-16-2024"]
[Site "Chess.com"]
[Date "2024.04.16"]
[Round "7"]
[White "marcodobrikov"]
[Black "GoltsevDmitry2000"]
[Result "1-0"]
[WhiteElo "2608"]
[BlackElo "2771"]
[TimeControl "180+1"]
[EndTime "15:17:07 PDT"]
[Termination "marcodobrikov won by checkmate"]

1. Nf3 d5 2. c4 c6 3. cxd5 cxd5 4. d4 Nf6 5. Nc3 Nc6 6. Bg5 h6 7. Bxf6 gxf6 8. e3 e6 9. Qb3 a6 10. Rc1 Bd6 11. g3 Bd7 12. Be2 f5 13. O-O b5 14.
a4 Na5 15. Qa2 b4 16. Nb1 h5 17. Nbd2 h4 18. Nxh4 Rxh4 19. gxh4 Qxh4 20. Nf3 Qh3 21. Kh1 Ke7 22. Rg1 Rh8 23. Rg2 f4 24. b3 fxe3 25.
fxe3 Qh6 26. Rf1 Qxe3 27. Qd2 Qxd2 28. Nxd2 Nc6 29. Nf3 Na5 30. Bd1 Be8 31. h4 Bf4 32.
Rg4 Bd6 33. Kg2 f5 34. Rg7+ Kf6 35. Ra7 Bf4 36. Rxa6 Nb7 37. Ng5 Rxh4 38. Nxe6 Bd6 39. Nc5 Ke7 40. Nxb7 Bc7 41. Nc5 Rxd4 42. Re6+ Kd8 43.
Rfe1 Rd2+ 44. R1e2 Rxe2+ 45. Bxe2 d4 46. Bd3 Bf7 47.
Bxf5 Bxe6 48. Nxe6+ Kd7 49. Nxc7+ Kxc7 50. Kf3 Kd6 51.
Ke4 d3 52. Kxd3 Kd5 53. Bh3 Kc5 54. Bg2 Kb6 55. Kc4 Ka5 56. Kc5 Ka6 57. Kxb4 Kb6 58. a5+ Ka6 59. Ka4 Ka7 60. b4 Kb8 61. b5 Ka7 62. b6+ Ka6 63. Bf1+ Kb7 64. Kb5 Ka8 65. a6 Kb8 66. a7+ Kc8 67. Bg2 Kd7 68. Bd5 Kd6 69. Be4 Ke5 70. Bc6 Kd4 71. b7 Ke3 72.
b8=Q Kd4 73. a8=N Ke3 74. Nb6 Kf2 75. Nc4 Kg1 76. Ne3 Kf2 77. Ng4+ Kg1 78. Qh2+ Kf1 79. Bf3 Ke1 80. Kc4 Kf1 81. Kd3 Ke1 82. Ke3 Kf1 83. Kf4 Ke1 84. Kg3 Kf1 85. Nf2 Ke1 86. Nd3+ Kf1 87. Bg2+ Ke2 88. Be4+ Ke3 89. Qf2+ Kxe4 90.
Nf4 Ke5 91. Qe3+ Kd6 92. Qd4+ Kc7 93. Ne6+ Kc6 94. Kf4 Kb5 95. Ke5 Kc6 96. Qc5+ Kb7 97. Qc7+ Ka8 98. Qd7 Kb8 99. Nc5 Ka8 100. Kd6 Kb8 101. Kc6 Ka8 102. Kb6 Kb8 103. Ka6 Ka8 104. Nd3 Kb8 105. Nf2 Ka8 106. Nh1 Kb8 107. Qf7 Ka8 108. Qa7# 1-0

[Event "Late-Titled-Tuesday-Blitz-April-16-2024"]
[Site "Chess.com"]
[Date "2024.04.16"]
[Round "7"]
[White "DonkyDonkyDonkey"]
[Black "Mops_2004"]
[Result "1/2-1/2"]
[WhiteElo "2916"]
[BlackElo "2828"]
[TimeControl "180+1"]
[EndTime "15:17:20 PDT"]
[Termination "Game drawn by stalemate"]

1. e4 g6 2. d4 Bg7 3. Nc3 d6 4. f4 Nf6 5. Nf3 c5 6. dxc5 Qa5 7. Bd3 Qxc5 8. Qe2 Bg4 9. Be3 Qa5 10. O-O Nc6 11. h3 Bxf3 12. Qxf3 O-O 13. a3 Nd7 14.
Rab1 Bxc3 15. bxc3 Nc5 16. Bd2 Nxd3 17. cxd3 Qxa3 18.
Rxb7 Rab8 19. Rxb8 Rxb8 20. e5 Rc8 21. d4 Qa2 22.
Be1 e6 23. exd6 Qd5 24. Qxd5 exd5 25. Bh4 f6 26. Bxf6 Kf7 27. d7 Ra8 28. d8=Q Nxd8 29.
Bxd8 Rxd8 30. Ra1 Rd7 31. Kf2 Rc7 32. Ke2 Rxc3 33. Rxa7+ Ke6 34. Rxh7 Rc2+ 35. Kf3 Rd2 36. Rg7 Kf6 37. Rd7 Rxd4 38. h4 Ke6 39. Rd8 Rd2 40.
g3 Ke7 41. Ra8 Kf6 42. Kg4 d4 43. Rd8 d3 44. Rd6+ Kf7 45. Kg5 Rd1 46. Rd7+ Ke6 47. Rd4 Kf7 48. g4 d2 49. Rd7+ Ke6 50. Rd3 Kf7 51. Rd4 Kg7 52. Rd7+ Kf8 53. Kxg6 Rg1 54. Rd8+ Ke7 55. Rxd2 Rxg4+ 56. Kf5 Rg1 57. Rh2 Kf7 58.
h5 Kg7 59. h6+ Kh7 60. Kf6 Ra1 61. f5 Ra6+ 62. Kg5 Ra4 63. Rd2 Ra7 64. Re2 Rb7 65. Re5 Rc7 66. f6 Rc1 67. Re7+ Kg8 68. f7+ Kf8 69.
Re8+ Kxf7 70. h7 Rg1+ 71. Kf4 Rf1+ 72. Kg3 Kxe8 73. h8=Q+ Rf8 74. Qe5+ Kf7 75. Qc7+ Kg6 76. Kg4 Rf7 77. Qe5 Rf6 78. Qe8+ Rf7 79. Qg8+ Kf6 80. Qd8+ Ke6 81. Kg5 Rg7+ 82. Kh6 Rd7 83. Qb6+ Rd6 84. Qe3+ Kf5+ 85. Kh5 Re6 86. Qf3+ Ke5 87.
Kg5 Kd6 88. Qd3+ Ke5 89. Qd7 Rd6 90. Qc7 Ke6 91. Qc4+ Ke5 92. Qe2+ Kd4 93. Kf5 Rd5+ 94. Kf4 Kc5 95. Qe7+ Kd4 96. Qe3+ Kc4 97. Ke4 Rb5 98. Qd3+ Kc5 99. Qd5+ Kb4 100. Qd6+ Kc4 101. Qc6+ Kb4 102. Kd4 Ka5 103. Kc4 Rb4+ 104. Kc5 Rc4+ 105. Kxc4 1/2-1/2

[Event "Late-Titled-Tuesday-Blitz-April-16-2024"]
[Site "Chess.com"]
[Date "2024.04.16"]
[Round "7"]
[White "Flawless_Fighter"]
[Black "Sjakkerntobi"]
[Result "1/2-1/2"]
[WhiteElo "2746"]
[BlackElo "2519"]
[TimeControl "180+1"]
[EndTime "15:17:22 PDT"]
[Termination "Game drawn by repetition"]

1. e4 e6 2. d4 d5 3. Nd2 a6 4.
Ngf3 Nf6 5. e5 Nfd7 6. Bd3 c5 7. c3 Nc6 8. O-O g5 9. h3 h5 10. dxc5 g4 11. Nd4 Ndxe5 12. Be2 Bxc5 13. N2b3 Bd6 14. Nxc6 Nxc6 15. Be3 gxh3 16. g3 Qc7 17. f4 Rg8 18.
Kh2 h4 19. g4 e5 20. f5 d4 21. Bf2 d3 22. Bxd3 e4+ 23. Kxh3 exd3 24. Re1+ Kf8 25. Qd2 Bf4 26. Qxd3 Rxg4 27. Kxg4 Ne5+ 28. Rxe5 Bxe5 29.
Rh1 Bf6 30. Bxh4 Qe7 31. Bxf6 Qxf6 32. Nd4 Bd7 33. Qh3 Ke7 34. Re1+ Kd6 35. Qg3+ Kc5 36. Qe5+ Qxe5 37. Rxe5+ Kd6 38. Kf4 Rh8 39. Re2 Rh4+ 40. Kg5 Rh8 41. Kf6 Rf8 42. Rd2 Kc7 43. Kg7 Rd8 44.
Kxf7 Bxf5 45. Kf6 Bd7 46. Rh2 Rf8+ 47. Ke5 Re8+ 48. Kd5 Bc6+ 49. Nxc6 bxc6+ 50. Kc5 Re5+ 51. Kb4 Kb6 52. c4 a5+ 53. Ka4 Rf5 54. b3 Re5 55. Rg2 Rf5 56. Rd2 Re5 57. Rc2 Rh5 58. Rb2 Rg5 59.
Rd2 Rh5 60. Rd8 Rg5 61. Rb8+ Ka7 62. Rc8 Kb7 63. Re8 Kb6 64. Re2 Rh5 65. a3 Rg5 66.
Rd2 Rg8 67. Re2 Kc5 68. Re5+ Kd4 69. Rxa5 c5 70. Ra7 Kc3 71. Ra5 Kd4 72. b4 cxb4 73. Kxb4 Rc8 74. Rd5+ Ke4 75. a4 Rb8+ 76. Rb5 Rc8 77.
c5 Kd5 78. a5 Kc6 79. Rb6+ Kc7 80. Kb5 Rh8 81. a6 Rh1 82. Rb7+ Kc8 83. Rg7 Rb1+ 84. Kc6 Kb8 85. Rg8+ Ka7 86. Kc7 Rh1 87. c6 Rh7+ 88. Kc8 Kxa6 89. c7 Kb6 90. Rg6+ Ka7 91. Kd8 Rh8+ 92.
Kd7 Rh7+ 93. Kd6 Kb7 94. Rg1 Rh6+ 95. Kd7 Rh7+ 96. Kd6 Rh6+ 97. Kd7 Rh7+ 98. Kd8 Rh8+ 99. Ke7 Rh7+ 100. Kd6 1/2-1/2

[Event "Late-Titled-Tuesday-Blitz-April-16-2024"]
[Site "Chess.com"]
[Date "2024.04.16"]
[Round "8"]
[White "Glidzhian_Gor"]
[Black "giovannibrandao7"]
[Result "1-0"]
[WhiteElo "2558"]
[BlackElo "2236"]
[TimeControl "180+1"]
[EndTime "15:19:13 PDT"]
[Termination "Glidzhian_Gor won by resignation"]

1. d4 Nf6 2. Nc3 d5 3. Bg5 e6 4. e4 dxe4 5. Nxe4 Be7 6. Bxf6 Bxf6 7. Nf3 O-O 8. Bd3 Nd7 9. c3 c6 10. Qc2 Qe7 11. g4 g6 12. h4 e5 13. h5 exd4 14. O-O-O dxc3 15. hxg6 fxg6 16. g5 cxb2+ 17. Kb1 Bh8 18.
Bc4+ 1-0